 Dungeon Crawl Stone Soup version 0.26-a0-639-g72c4674329 (webtiles) character file.

Game seed: 12438853207419182004

1090 DogServant the Skirmisher (level 8, -1/65 HPs)
             Began as a Formicid Fighter on Sept 19, 2020.
             Slain by an orc warrior
             ... wielding a +0 short sword
              (10 damage)
             ... on level 6 of the Dungeon.
             The game lasted 00:08:43 (5837 turns).

DogServant the Skirmisher (Formicid Fighter)        Turns: 5837, Time: 00:08:43

Health: -1/65      AC:  9    Str: 23    XL:     8   Next: 56%
Magic:  8/8        EV:  8    Int:  8    God:
Gold:   320        SH:  0    Dex: 10    Spells: 7/7 levels left

rFire    + . .     SeeInvis +   i - +0 battleaxe
rCold    . . .     Faith    .   c - +0 kite shield
rNeg     . . .     Spirit   .   b - +0 scale mail
rPois    .         Reflect  .   (helmet unavailable)
rElec    .         Harm     +   g - scarf {harm}
rCorr    .         Rampage  .   d - +0 pair of gloves
MR       .....                  (no boots)
Stlth    ..........             (no amulet)
HPRegen  0.20/turn              h - ring of protection from fire
MPRegen  0.11/turn              (no ring)

@: confused, lethally poisoned (-1 -> -2)
A: permanent stasis, dig shafts and tunnels, four strong arms, antennae 3
a: Dig, Shaft Self


You were on level 6 of the Dungeon.
You visited 1 branch of the dungeon, and saw 6 of its levels.

You collected 320 gold pieces.

Inventory:

Hand Weapons
 a - a +1 war axe
 i - a +0 battleaxe (weapon)
Armour
 b - a +0 scale mail (worn)
 c - a +0 kite shield (worn)
 d - a +0 pair of gloves (worn)
 g - a scarf of harm (worn)
 j - a +0 plate armour
Jewellery
 h - a ring of protection from fire (left hand)
Scrolls
 k - 3 scrolls of enchant weapon
 r - 3 scrolls of fog
 s - 2 scrolls of remove curse
 u - a scroll of magic mapping {unknown}
 v - a scroll of amnesia {unknown}
 w - a scroll of noise {unknown}
 x - a scroll of torment {unknown}
Potions
 m - a potion of stabbing {unknown}
 n - 2 potions of invisibility {unknown}
 o - 2 potions of flight {unknown}
 q - a potion of mutation {unknown}
 z - a potion of might


   Skills:
 + Level 6.6 Fighting
 + Level 5.5 Axes
 + Level 6.5 Armour
 + Level 5.0 Shields


You had 7 spell levels left.
You didn't know any spells.
Your spell library contained the following spells:

 Spells                   Type           Power        Failure   Level
 Beastly Appendage        Tmut           #.....       93%         1
 Wereblood                Tmut           #.......     98%         2
 Spider Form              Tmut/Pois      #.........   100%        3
 Ice Form                 Ice/Tmut       #.......     100%        4
 Blade Hands              Tmut           #.........   100%        5


Dungeon Overview and Level Annotations

Branches:
Dungeon (6/15)             Temple (0/1) D:6

Altars:
Kikubaaqudgha
Qazlal
The Shining One

Shops:
D:4 }


Innate Abilities, Weirdness & Mutations

You cannot be hasted, slowed, berserked, paralysed or teleported.
You can dig through walls and to a lower floor.
Your four strong arms can wield two-handed weapons with a shield.
You have a pair of large antennae on your head. (SInv)


Message History

The orc warrior is heavily wounded.
You completely miss the adder.
You feel sick. You block the adder's attack.
The orc warrior hits you with a +0 short sword!
* * * LOW HITPOINT WARNING * * *
The adder bites you but does no damage.
You feel much better.
The orc warrior hits you with a +0 short sword!
You block the adder's attack.
You closely miss the orc warrior.
The orc warrior is heavily wounded.
You miss the adder. The adder bites you. The orc warrior closely misses you.
You block the adder's attack.
The orc warrior hits you with a +0 short sword!
* * * LOW HITPOINT WARNING * * *
Okay, then.
Okay, then.
You are confused.
You feel invigorated.
You feel sick. The adder bites you but does no damage.
The orc warrior hits you with a +0 short sword!
You die...

..##.### #.. .......## ...
...###..##.#... . ...#
#.....#.#.### {## ..(#
#....##.#...# ..# ####
†..###.##..#.###.####.##....
#......<##....(#...##.#.?#..
##...##..##....)##.##.....#
##..####......#o@Sl....#..#
#...# ####...#####.$...#
##### #...# ####.....>.
#...# ..#.... ##### .#....#
.#..#.# .. #.. .. ... .. ..


You could see an orc warrior, an adder and a leopard gecko.

Vanquished Creatures
  An orc warrior (D:3)
  A black bear (D:6)
  A phantom (D:5)
  2 scorpions (D:4)
  A howler monkey (D:4)
  4 orc priests
  A hound (D:6)
  6 orc wizards
  An iguana (D:6)
  Terence (D:3)
  3 worker ants
  A hound zombie (D:5)
  A worker ant zombie (D:5)
  A howler monkey zombie (D:3)
  9 adders
  3 oozes
  A worm (D:3)
  A dart slug (D:4)
  6 leopard geckos
  15 orcs
  4 giant cockroaches
  5 goblins
  8 hobgoblins
  4 jackals (D:2)
  15 kobolds
  11 bats
  10 frilled lizards
  4 rats
121 creatures vanquished.

Vanquished Creatures (others)
  3 plants (D:6)
3 creatures vanquished.

Grand Total: 124 creatures vanquished

Notes
Turn   | Place    | Note
-------+----------+-------------------------------------------
     0 | D:1      | DogServant the Formicid Fighter began the quest for the
                  | Orb.
     0 | D:1      | Reached XP level 1. HP: 18/18 MP: 1/1
   193 | D:1      | Reached XP level 2. HP: 24/24 MP: 2/2
  1188 | D:2      | Reached XP level 3. HP: 28/30 MP: 3/3
  1764 | D:2      | Reached XP level 4. HP: 37/37 MP: 4/4
  2578 | D:3      | Noticed Terence
  2584 | D:3      | Killed Terence
  2584 | D:3      | Reached XP level 5. HP: 40/43 MP: 5/5
  2949 | D:3      | Found a glowing golden altar of the Shining One.
  3290 | D:4      | Reached XP level 6. HP: 50/50 MP: 6/6
  3313 | D:4      | Reached skill level 5 in Fighting
  3314 | D:4      | Reached skill level 5 in Armour
  3326 | D:4      | Reached XP level 7. HP: 24/56 MP: 7/7
  3984 | D:4      | Found Ugyteit's Gadget Shop.
  4756 | D:4      | Found an ancient bone altar of Kikubaaqudgha.
  5005 | D:5      | Entered Level 5 of the Dungeon
  5084 | D:5      | Reached skill level 5 in Axes
  5084 | D:5      | Reached XP level 8. HP: 64/64 MP: 8/8
  5360 | D:5      | Found a stormy altar of Qazlal.
  5811 | D:6      | Found a staircase to the Ecumenical Temple.
  5830 | D:6      | Reached skill level 5 in Shields
  5837 | D:6      | Slain by an orc warrior

Illustrated notes

Levels and vault maps discovered:
D:1:      lightli_arrival_statuegarden, layout_loops_corners
D:2:      layout_basic
D:3:      layout_loops_ring, nicolae_tso_carved_into_rock, uniq_terence
D:4:      layout_loops_ring, kennysheep_mini_moat, serial_shops, shop,
          columned_hall_lemuel
D:5:      layout_loops_ring, lemuel_doored_altar
D:6:      layout_rooms, lemuel_coloured_pillars_altar,
          minmay_temple_entry_mini_moons, minmay_lizard_king

Skill      XL: |  1  2  3  4  5  6  7  8 |
---------------+-------------------------+-----
Fighting       | 4 5 6 |  6.6
Armour         | 4 5 6 |  6.5
Axes           | 3 4 5 |  5.5
Shields        | 4 5 |  5.0

Action                   |  1- 3 |  4- 6 |  7- 9 || total
-------------------------+-------+-------+-------++-------
Melee: War axe           |    79 |   138 |    41 ||   258
       Battleaxe         |       |       |   100 ||   100
Throw: Throwing net      |       |       |     2 ||     2
       Dart              |       |       |     1 ||     1
  Use: Potion            |       |     1 |     5 ||     6
       Scroll            |       |       |     9 ||     9
Armor: Scale mail        |    34 |    62 |    51 ||   147
Dodge: Dodged            |    29 |    59 |    49 ||   137
Block: Kite shield       |    47 |    92 |    89 ||   228

Table legend: (Time is in decaauts)
 A = Elapsed time spent in this place.
 B = Non-inter-level travel time spent in this place.
 C = Inter-level travel time spent in this place.
 D = Time resting spent in this place.
 E = Time spent auto-exploring this place.
 F = Levels seen in this place.
 G = Mean time per level.
                   A        B        C        D        E       F      G
               +--------+--------+--------+--------+--------+-----+--------+
         Total |   5990 |   5741 |    249 |    779 |   3984 |   6 |  998.3 |
       Dungeon |   5990 |   5741 |    249 |    779 |   3984 |   6 |  998.3 |
               +--------+--------+--------+--------+--------+-----+--------+

Top non-repeatable levels by time:
     D:2: 1621 daAuts
     D:3: 1285 daAuts
     D:4: 1197 daAuts
     D:1: 1019 daAuts
     D:5: 674 daAuts
     D:6: 192 daAuts
